 Dungeon Crawl Stone Soup version 0.24.0-28-g17ded55e90 (webtiles) character file.

Game seed: 8491049193356150566, levelgen mode: deterministic

19742 roguesci the Fighter (level 12, -6/80 HPs)
             Began as a Gargoyle Fighter on Nov 11, 2019.
             Was a High Priest of Uskayaw.
             Killed from afar by Frances (24 damage)
             ... with an iron shot
             ... on level 13 of the Dungeon on Nov 12, 2019.
             The game lasted 00:41:43 (12276 turns).

roguesci the Fighter (Gargoyle Fighter)            Turns: 12276, Time: 00:41:47

Health: -6/80      AC: 25    Str: 27    XL:     12   Next: 72%
Magic:  16/16      EV:  7    Int:  9    God:    Uskayaw [*****.]
Gold:   685        SH: 13    Dex:  4    Spells: 11/11 levels left

rFire    . . .     SeeInvis +   x - +5 morningstar (freeze)
rCold    + + +     Gourm    .   c - +1 shield
rNeg     + . .     Faith    +   D - +0 plate armour
rPois    ∞         Spirit   .   (helmet restricted)
rElec    +         Reflect  .   r - +0 cloak
rCorr    .         Harm     .   (no gloves)
MR       .....                  (no boots)
Stlth    ..........             C - amulet "Pihukes" {Faith +Fly rC+++ Dex-5 SInv}
HPRegen  0.23/turn              (no ring)
MPRegen  0.15/turn              (no ring)

@: no status effects
A: antennae 2, hooves 1, negative energy resistance 1, electricity resistance,
strong 1, unbreathing, petrification resistance, rot immunity, AC +8
a: Stomp, Line Pass, Grand Finale, Renounce Religion, Evoke Flight


You were on level 13 of the Dungeon.
You worshipped Uskayaw.
Uskayaw was noncommittal.
You were not hungry.

You visited 2 branches of the dungeon, and saw 14 of its levels.

You collected 685 gold pieces.

Inventory:

Hand Weapons
 h - a +1 whip of electrocution
 x - a +5 morningstar of freezing (weapon)
Missiles
 j - 366 stones (quivered)
Armour
 c - a +1 shield (worn)
 r - a +0 cloak (worn)
 v - a +2 leather armour of fire resistance
 D - a +0 plate armour (worn)
Jewellery
 C - the amulet "Pihukes" (around neck) {Faith +Fly rC+++ Dex-5 SInv}
   (You found it on level 7 of the Dungeon)

   [amulet of faith]

   It allows you to gain divine favour quickly.
   It affects your dexterity (-5).
   It renders you almost immune to cold.
   It lets you see invisible.
   It lets you fly.
 F - a +3 ring of dexterity {unknown}
Wands
 a - a wand of flame (43)
 g - a wand of enslavement (15)
 i - a wand of paralysis (22)
 k - a wand of acid (7)
 w - a wand of random effects (46)
 y - a wand of polymorph (3)
Scrolls
 b - a scroll of holy word {unknown}
 d - a scroll of enchant weapon
 e - 2 scrolls of immolation
 l - 10 scrolls of identify
 m - 5 scrolls of teleportation
 o - a scroll of amnesia
 p - 4 scrolls of enchant armour
 q - 3 scrolls of remove curse
 s - a scroll of fear {unknown}
 t - a scroll of acquirement {unknown}
 u - 2 scrolls of magic mapping
Potions
 n - a potion of magic
 z - a potion of heal wounds {unknown}
 B - a potion of curing
 E - a potion of cancellation {unknown}
Comestibles
 f - 36 rations
 A - 4 chunks of flesh


   Skills:
 + Level 11.2 Fighting
 * Level 10.7 Maces & Flails
 + Level 11.2 Armour
 - Level 1.0 Dodging
 + Level 11.1 Shields
 * Level 5.8 Invocations


You had 11 spell levels left.
You didn't know any spells.
Your spell library contained the following spells:

 Spells                   Type           Power        Failure   Level  Hunger
 Animate Skeleton         Necr           N/A          99%         1    ##.....
 Apportation              Tloc           #.....       99%         1    ##.....
 Confusing Touch          Hex            #.....       99%         1    ##.....
 Flame Tongue             Conj/Fire      #....        99%         1    ##.....
 Summon Small Mammal      Summ           #...         99%         1    ##.....
 Throw Flame              Conj/Fire      #.....       100%        2    ###....
 Conjure Flame            Conj/Fire      #.......     100%        3    ####...
 Inner Flame              Hex/Fire       #.......     100%        3    ####...
 Sticky Flame             Conj/Fire      #.......     100%        4    #####..
 Fireball                 Conj/Fire      #.........   100%        5    ######.


Dungeon Overview and Level Annotations

Branches:
Dungeon (13/15)            Temple (1/1) D:5            Lair (0/6) D:8
    Orc (0/2) D:10
 Vaults: D:13-14

Altars:
Ashenzari
Cheibriados
Dithmenos
Elyvilon
Fedhas
Gozag
Hepliaklqana
Kikubaaqudgha
Makhleb
Nemelex Xobeh
Okawaru
Qazlal
Ru
Sif Muna
Trog
Uskayaw
Vehumet
Wu Jian
Xom
Yredelemnul
Zin
The Shining One
Beogh

Annotations:
D:13 Frances


Innate Abilities, Weirdness & Mutations

You are resistant to torment.
Your stone body is resilient. (AC +8)
You are immune to poison.
You resist negative energy. (rN+)
You are resistant to electric shocks. (rElec)
You can survive without breathing.
You are immune to petrification.
You are immune to rotting.
You have a pair of antennae on your head.
You have large cloven feet.
Your muscles are strong. (Str +2)


Message History

Frances hits you with a +1 short sword of speed.
Uskayaw links your audience in an emotional bond!
Aiming: Grand Finale
Press: ? - help, Shift-Dir - straight line, f - Frances
Aim: Frances, wielding a +1 short sword of speed and wearing a +0 chain mail (steam, heavily wounded, sharing her pain)
You fail to use your ability.
You block the smoke demon's attack.
The smoke demon hits you but does no damage. x2
You block the hellwing's attack. The hellwing closely misses you.
Frances is engulfed in a cloud of scalding steam.
Frances hits you with a +1 short sword of speed.
Aiming: Grand Finale
Press: ? - help, Shift-Dir - straight line, f/p - Frances
Aim: Frances, wielding a +1 short sword of speed and wearing a +0 chain mail (heavily wounded, sharing her pain)
You fail to use your ability.
The smoke demon gestures at you. The ball of steam hits you!!
* * * LOW HITPOINT WARNING * * *
Frances whispers indecipherable words.
The iron shot hits you!!
You die...

#....#..##..###....
#....#..##........#
#....#..##...#....#
#....#.......# ...#
#....#.......# ..#
#....(..##...# .#
#...(#..####.# #
#..3@#..# .#
#..)@#..# .#
#..)4#..# .#
#....'..# #....#.@#
#....#... #....# .#
#..#.# .# #..#.# #


You could see Frances, a hellwing and a smoke demon.

Vanquished Creatures
  Fannar (D:11)
  2 centaur warriors (D:13)
  Erica (D:8)
  A two-headed ogre (D:12)
  A tengu warrior (D:13)
  Urug (D:10)
  An unseen horror (D:10)
  An orc knight (D:10)
  Pikel (D:8)
  2 deep elf magi (D:13)
  3 cyclopes
  An elephant (D:8)
  A centaur zombie (D:10)
  A manticore (D:13)
  4 trolls
  2 hippogriffs
  A steam dragon (D:12)
  17 yaks
  3 hungry ghosts (D:10)
  Duvessa (D:5)
  6 sky beasts
  6 orc warriors
  2 ice beasts
  2 slaves (D:8)
  A phantom (D:5)
  A black bear (D:8)
  An eye of draining (D:10)
  4 ogres
  A necrophage (D:6)
  11 centaurs
  4 crocodiles (D:8)
  A gnoll sergeant (D:7)
  3 wyvern zombies
  9 bullfrogs
  Dowan (D:5)
  A scorpion (D:5)
  A water moccasin skeleton (D:9)
  9 killer bees
  2 howler monkeys (D:10)
  7 wights
  A bullfrog zombie (D:10)
  2 crimson imps
  4 hounds
  4 jellies
  2 bullfrog skeletons
  8 orc priests
  2 centaur skeletons
  An iguana (D:4)
  16 orc wizards
  Terence (D:3)
  9 worker ants
  2 hound zombies
  A hound skeleton (D:10)
  4 gnolls
  11 adders
  A shadow imp (D:7)
  2 oozes
  An adder zombie (D:6)
  2 worms
  3 dart slugs
  A leopard gecko (D:4)
  70 orcs
  3 ball pythons
  11 bats
  3 giant cockroaches
  7 goblins
  7 hobgoblins
  4 jackals (D:2)
  5 kobolds
  7 quokkas
  8 frilled lizards
  A jackal skeleton (D:5)
  A leopard gecko zombie (D:8)
  2 quokka zombies
  4 rats
330 creatures vanquished.

Vanquished Creatures (others)
  A slave (D:8)
  A crimson imp (D:6)
  An iguana (D:9)
  2 orc wizards
  A plant (D:13)
6 creatures vanquished.

Grand Total: 336 creatures vanquished

Notes
Turn   | Place    | Note
-------+----------+-------------------------------------------
     0 | D:1      | roguesci the Gargoyle Fighter began the quest for the Orb.
     0 | D:1      | Reached XP level 1. HP: 14/14 MP: 1/1
   213 | D:1      | Reached XP level 2. HP: 19/19 MP: 2/2
   405 | D:1      | Reached skill level 1 in Dodging
   449 | D:1      | Reached XP level 3. HP: 20/23 MP: 3/3
   814 | D:2      | Reached XP level 4. HP: 20/29 MP: 4/4
  2094 | D:3      | Noticed an ogre
  2103 | D:3      | Killed an ogre
  2103 | D:3      | Reached XP level 5. HP: 27/33 MP: 5/5
  2240 | D:3      | Found a hide-covered altar of Uskayaw.
  2246 | D:3      | Found an opulent altar of Gozag.
  2248 | D:3      | Found a shadowy altar of Dithmenos.
  2269 | D:3      | Found a white marble altar of Elyvilon.
  2271 | D:3      | Found a sacrificial altar of Ru.
  2286 | D:3      | Found a radiant altar of Vehumet.
  2380 | D:3      | Noticed Terence
  2391 | D:3      | Killed Terence
  2391 | D:3      | Reached XP level 6. HP: 37/39 MP: 6/6
  2578 | D:3      | Found a burning altar of Makhleb.
  2611 | D:3      | Found a hazy altar of Hepliaklqana.
  2892 | D:4      | Gained mutation: Your spells are a little easier to cast,
                  | but a little less powerful. [potion of mutation]
  2892 | D:4      | Gained mutation: You are partially covered in thin metallic
                  | scales. (AC +2) [potion of mutation]
  2892 | D:4      | Gained mutation: You have a pair of small antennae on your
                  | head. [potion of mutation]
  2892 | D:4      | Gained mutation: You have large cloven feet. [potion of
                  | mutation]
  3403 | D:4      | Reached skill level 5 in Shields
  3403 | D:4      | Reached XP level 7. HP: 22/44 MP: 7/7
  3596 | D:4      | Reached skill level 5 in Fighting
  3596 | D:4      | Reached skill level 5 in Armour
  3904 | D:5      | Entered Level 5 of the Dungeon
  3904 | D:5      | Found a shimmering altar of Xom.
  4289 | D:5      | Reached XP level 8. HP: 41/51 MP: 8/8
  4357 | D:5      | Noticed Duvessa
  4358 | D:5      | Noticed Dowan
  4385 | D:5      | Killed Duvessa
  4397 | D:5      | Killed Dowan
  4397 | D:5      | Reached skill level 5 in Maces & Flails
  4571 | D:5      | Found a staircase to the Ecumenical Temple.
  4578 | Temple   | Entered the Ecumenical Temple
  4917 | D:3      | Became a worshipper of Uskayaw the Reveler
  5052 | D:5      | Reached * piety under Uskayaw
  5298 | D:6      | Reached ** piety under Uskayaw
  5299 | D:6      | Reached *** piety under Uskayaw
  5303 | D:6      | Reached **** piety under Uskayaw
  5308 | D:6      | Reached ***** piety under Uskayaw
  5319 | D:6      | Reached ****** piety under Uskayaw
  5698 | D:6      | Reached XP level 9. HP: 55/56 MP: 9/9
  6348 | D:6      | Found a shimmering blue altar of Sif Muna.
  6348 | D:6      | Found a snail-covered altar of Cheibriados.
  6960 | D:7      | Found a shattered altar of Ashenzari.
  7111 | D:7      | Found a bloodstained altar of Trog.
  7146 | D:7      | Got a scorched silver amulet
  7197 | D:7      | Identified the amulet "Pihukes" {Faith +Fly rC+++ Dex-5
                  | SInv} (You found it on level 7 of the Dungeon)
  7869 | D:8      | Noticed Pikel
  7882 | D:8      | Noticed Erica
  7894 | D:8      | Noticed an elephant
  7899 | D:8      | Killed Pikel
  7903 | D:8      | Killed Erica
  7903 | D:8      | Reached XP level 10. HP: 53/65 MP: 10/10
  7907 | D:8      | Killed an elephant
  7961 | D:8      | Found a staircase to the Lair.
  8191 | D:8      | You fall into a shaft and drop 1 floor!
  9185 | D:10     | Entered Level 10 of the Dungeon
  9185 | D:10     | Noticed Urug
  9300 | D:10     | Reached XP level 11. HP: 71/71 MP: 11/11
  9303 | D:10     | Noticed an unseen horror
  9319 | D:10     | Killed Urug
  9331 | D:10     | Killed an unseen horror
  9348 | D:10     | Reached skill level 10 in Fighting
  9353 | D:10     | Reached skill level 10 in Armour
  9518 | D:10     | Reached skill level 10 in Shields
  9595 | D:10     | Found a roughly hewn altar of Beogh.
  9595 | D:10     | Found a staircase to the Orcish Mines.
  9595 | D:10     | Noticed an orc knight
  9610 | D:10     | HP: 3/72 [orc priest/divine providence (14)]
  9849 | D:10     | Killed an orc knight
 10789 | D:11     | Noticed Fannar
 10832 | D:11     | Killed Fannar
 10832 | D:11     | Reached skill level 1 in Invocations
 11310 | D:12     | Noticed a two-headed ogre
 11312 | D:12     | Noticed a cyclops
 11317 | D:12     | Killed a two-headed ogre
 11321 | D:12     | Killed a cyclops
 11321 | D:12     | Reached XP level 12. HP: 68/79 MP: 12/14
 11452 | D:12     | Reached skill level 10 in Maces & Flails
 11795 | D:12     | Lost mutation: You are partially covered in thin metallic
                  | scales. (AC +2) [potion of mutation]
 11795 | D:12     | Lost mutation: Your spells are a little easier to cast, but
                  | a little less powerful. [potion of mutation]
 11795 | D:12     | Gained mutation: You have a pair of antennae on your head.
                  | [potion of mutation]
 11795 | D:12     | Gained mutation: Your muscles are strong. (Str +2) [potion
                  | of mutation]
 11819 | D:13     | Noticed a centaur warrior
 11826 | D:13     | Killed a centaur warrior
 11939 | D:13     | Reached skill level 5 in Invocations
 12133 | D:13     | Noticed a tengu warrior
 12141 | D:13     | Killed a tengu warrior
 12255 | D:13     | Noticed Frances
 12256 | D:13     | Noticed a centaur warrior
 12264 | D:13     | Killed a centaur warrior
 12276 | D:13     | Killed from afar by Frances

Levels and vault maps discovered:
D:1:      sevenhm_arrival_forest_fort_small_4, layout_rooms, minmay_tetromino_i2
D:2:      layout_basic, grunt_ministairs_12
D:3:      layout_basic, marbit_many_paths, old_standard_altar,
          grunt_temple_overflow_open, nicolae_overflow_hidden_temple,
          uniq_terence
D:4:      layout_cave_pools, first_ration
D:5:      layout_gridville, xom_butterflies, minmay_temple_entry_arrows,
          uniq_duvessa
D:6:      minmay_bubble_buster, layout_cave_pods,
          gammafunk_temple_overflow_elements
D:7:      layout_rooms, lemuel_round_altar, nicolae_ashenzari_panopticon
D:8:      layout_rooms, david_lair_generic, uniq_erica, uniq_pikel
D:9:      layout_cave_pools
D:10:     layout_cave_pools, david_orc_5, uniq_urug
D:11:     layout_long_grid, uniq_fannar
D:12:     layout_basic
D:13:     layout_stronghold, erik_vaults_2, serial_shops, shop,
          grunt_tengu_nest, minmay_misc_feat_more_columns,
          minmay_pinched_square, uniq_frances
Temple:   compressed_dpeg_triangle_lava_temple

Skill      XL: |  1  2  3  4  5  6  7  8  9 10 11 12 |
---------------+-------------------------------------+-----
Dodging        | 1 |  1.0
Fighting       | 4 5 6 8 9 10 11 | 11.2
Armour         | 4 5 6 8 9 10 11 | 11.2
Shields        | 4 5 6 8 9 10 11 | 11.1
Maces & Flails | 3 4 5 7 8 9 10 | 10.7
Invocations    | 2 5 |  5.8

Action                   |  1- 3 |  4- 6 |  7- 9 | 10-12 || total
-------------------------+-------+-------+-------+-------++-------
Melee: Flail             |   112 |   244 |   431 |   147 ||   934
       Kick              |       |    14 |   106 |   113 ||   233
       Morningstar       |       |       |       |   373 ||   373
Invok: Line Pass         |       |       |       |     1 ||     1
       Grand Finale      |       |       |       |     1 ||     1
 Abil: Stop Flying       |       |       |     1 |       ||     1
       Evoke Flight      |       |       |     1 |       ||     1
Evoke: Wand              |       |       |       |     1 ||     1
  Use: Potion            |       |     6 |     6 |     7 ||    19
       Scroll            |       |     3 |     3 |    11 ||    17
 Stab: Invisible         |       |       |     7 |     3 ||    10
       Paralysed         |       |       |     7 |    25 ||    32
       Distracted        |       |       |     1 |       ||     1
  Eat: Chunk             |       |     9 |     8 |    15 ||    32
       Ration            |       |       |     2 |     3 ||     5
Armor: Scale mail        |    63 |   165 |   183 |       ||   411
       Plate armour      |       |       |    50 |   377 ||   427
Dodge: Dodged            |    45 |    75 |   133 |   166 ||   419
Block: Shield            |    60 |   141 |   241 |   398 ||   840
